 Dungeon Crawl Stone Soup version 0.17-a0-2073-gde5cdba (webtiles) character file.

99 admarant the Shooter (level 4, 0/35 HPs)
             Began as a Ghoul Arcane Marksman on Oct 14, 2015.
             Slain by a goblin (1 damage)
             ... led by Robin
             ... on level 2 of the Dungeon.
             The game lasted 00:07:46 (1396 turns).

admarant the Shooter (Ghoul Arcane Marksman)        Turns: 1396, Time: 00:07:47

Health: 0/35       AC:  2    Str: 14    XL:     4   Next: 72%
Magic:  4/4        EV: 12    Int:  8    God:
Gold:   123        SH:  0    Dex:  9    Spells: 2 memorised, 2 levels left

rFire  . . .     SeeInvis .     a - +0 shortbow
rCold  + . .     Clarity  .     c - +0 robe
rNeg   + + +     SustAt   .     (no shield)
rPois  ∞         Gourm    .     (no helmet)
rElec  .         Spirit   .     (no cloak)
rCorr  .         Warding  .     (no gloves)
rMut   .         Stasis   .     (no boots)
MR     .....                    (no amulet)
Stlth  ++........               (no ring)
                                e - ring of stealth

@: rotting, not resistant to hostile enchantments, unstealthy
A: rotting body, claws 1, carnivore 3, cold resistance 1, negative energy
resistance 3, slow regeneration 1, torment resistance, unbreathing
a: no special abilities


You were on level 2 of the Dungeon.
You were not hungry.

You visited 1 branch of the dungeon, and saw 2 of its levels.

You collected 123 gold pieces.

Inventory:

Hand Weapons
 a - a +0 shortbow (weapon)
Missiles
 b - 59 arrows (quivered)
Armour
 c - a +0 robe (worn)
Jewellery
 e - a ring of stealth (left claw)
Scrolls
 g - 2 scrolls of magic mapping {unknown}
 h - 2 scrolls of immolation {unknown}
 j - 3 scrolls of identify
 n - a scroll of noise {unknown}
Potions
 f - 2 potions of curing {unknown}
 i - a potion of flight {unknown}
 k - 2 potions of heal wounds {unknown}
 l - 2 potions of lignification {unknown}
 m - a potion of might {unknown}
Books
 d - a book of Debilitation

   Spells                             Type                      Level
   a - Corona                         Hexes                        1
   b - Slow                           Hexes                        2
   c - Gell's Gravitas                Hexes/Translocation          3
   d - Inner Flame                    Hexes/Fire                   3
   e - Cause Fear                     Hexes                        4
   f - Leda's Liquefaction            Hexes/Earth                  4


   Skills:
 + Level 1.4 Fighting
 + Level 3.3 Bows
 + Level 2.2 Dodging
 + Level 1.2 Spellcasting
 + Level 2.9 Hexes


You had 2 spell levels left.
You knew the following spells:

 Your Spells              Type           Power        Failure   Level  Hunger
a - Corona                Hex            #......      14%         1    ##.....
b - Slow                  Hex            #.......     21%         2    ###....


Dungeon Overview and Level Annotations

Branches:
Dungeon (2/15)

Altars:
Ru


Innate Abilities, Weirdness & Mutations

Your body is rotting away.
You thrive on raw meat.
You are immune to poison.
You have sharp fingernails.
You are carnivorous and can eat meat at any time.
Your flesh is cold resistant.
You are immune to negative energy.
You regenerate slowly when monsters are visible.
You are immune to unholy pain and torment.
You can survive without breathing.


Message History

Press: ? - help, Shift-Dir - straight line, f/p - Robin
Aim: Robin, wielding a spear, wearing an animal skin, wearing a helmet and carrying a wand of magic darts {zapped: 1} (almost dead)
You shoot an arrow. The arrow hits the goblin.
You kill the goblin!
Firing (i - inventory):
b - 62 arrows (quivered)
Press: ? - help, Shift-Dir - straight line, f/p - Robin
Aim: Robin, wielding a spear, wearing an animal skin, wearing a helmet and carrying a wand of magic darts {zapped: 1} (almost dead)
You shoot an arrow. The arrow hits Robin.
You kill Robin!
A goblin comes into view.
Firing (i - inventory):
b - 61 arrows (quivered)
Press: ? - help, Shift-Dir - straight line, f - goblin
Aim: a goblin You shoot an arrow.
The arrow barely misses the goblin.
The goblin closely misses you.
Firing (i - inventory):
b - 60 arrows (quivered)
Press: ? - help, Shift-Dir - straight line, f/p - goblin
Aim: a goblin You shoot an arrow.
The arrow closely misses the goblin.
The goblin hits you.
You die...

####### ###
#.[@g(# ..#
###.###)# ..
#....# .# #
##########.####
g# #
#.......##.# ##
####.####.##.#
.....# #.##.#
.....# #....#
.....# ######


You could see a goblin.

Vanquished Creatures
  Ijyb (D:2)
  Robin (D:2)
  2 adders (D:2)
  A worm (D:2)
  2 bats (D:1)
  2 giant cockroaches (D:1)
  13 goblins
  2 hobgoblins (D:1)
  2 jackals (D:1)
  5 kobolds (D:1)
  2 ball pythons
  4 giant newts
  3 rats
40 creatures vanquished.

Notes
Turn   | Place    | Note
--------------------------------------------------------------
     0 | D:1      | admarant the Ghoul Arcane Marksman began the quest for the Orb.
     0 | D:1      | Reached XP level 1. HP: 16/16 MP: 1/1
   225 | D:1      | Reached XP level 2. HP: 23/23 MP: 2/2
   818 | D:1      | Reached XP level 3. HP: 25/25 MP: 3/3
  1185 | D:2      | Learned a level 2 spell: Slow
  1209 | D:2      | Found a sacrificial altar of Ru.
  1240 | D:2      | Noticed Ijyb
  1254 | D:2      | Killed Ijyb
  1254 | D:2      | Reached skill level 3 in Bows
  1254 | D:2      | Reached XP level 4. HP: 25/35 MP: 1/4
  1376 | D:2      | Noticed Robin
  1392 | D:2      | HP: 1/35 [Robin/spear (3)]
  1394 | D:2      | Killed Robin
  1396 | D:2      | Slain by a goblin

Vault maps used:
D:1:      matt_arrival_spirals
D:2:      hangedman_ru_absence, uniq_robin, uniq_iyjb

Action                   |  1- 3 |  4- 6 || total
-------------------------+-------+-------++-------
Melee: Unarmed           |     2 |       ||     2
 Fire: Shortbow          |   143 |    30 ||   173
 Cast: Corona            |     2 |       ||     2
       Slow              |     1 |       ||     1
  Use: Scroll            |     1 |       ||     1
  Eat: Chunk             |    17 |     2 ||    19
       Meat ration       |     1 |       ||     1
